 Dungeon Crawl Stone Soup version 0.31-a0-187-gba352fbbf7 (webtiles) character file.

Game seed: 12466512897256068272

112 qw the Skirmisher (level 4, -3/25 HPs)
             Began as a Deep Elf Hunter on June 22, 2023.
             Slain by a gnoll
             ... wielding a +0 flail
              (5 damage)
             ... on level 2 of the Dungeon.
             The game lasted 00:00:30 (656 turns).

qw the Skirmisher (Deep Elf Hunter)                  Turns: 656, Time: 00:00:30

Health: -3/25      AC:  5    Str: 10    XL:     4   Next: 63%
Magic:  6/6        EV: 11    Int: 14    God:
Gold:   80         SH:  0    Dex: 18    Spells: 3/3 levels left

rFire   . . .        Y - +0 shortbow (drain)
rCold   + . .        (shield currently unavailable)
rNeg    . . .        g - +0 ring mail
rPois   .            (no helmet)
rElec   .            (no cloak)
rCorr   .            (no gloves)
SInv    .            (no boots)
Will    .....        (no amulet)
Stlth   +            d - ring of protection from cold
HPRegen 0.24/turn    (no ring)
MPRegen 0.10/turn

%: no passive effects
@: no status effects
A: no striking features
a: no special abilities


You were on level 2 of the Dungeon.
You visited 1 branch of the dungeon, and saw 3 of its levels.

You collected 80 gold pieces.


   Skills:
 - Level 1.5 Fighting
 + Level 8.1 Ranged Weapons
 - Level 2.4 Dodging
 - Level 1.2 Stealth


You had 3 spell levels left.
You didn't know any spells.
Your spell library was empty.

Inventory:

Hand Weapons
 Y - a +0 shortbow of draining (weapon)
Armour
 g - a +0 ring mail (worn)
Jewellery
 d - a ring of protection from cold (left hand)
Scrolls
 a - 2 scrolls of identify
 b - a scroll of poison {unknown}
Potions
 c - a potion of berserk rage {unknown}
 e - 2 potions of curing
 h - a potion of heal wounds
 j - 2 potions of mutation {unknown}
 k - a potion of degeneration {unknown}

Dungeon Overview and Level Annotations

Branches:
Dungeon (3/15)

Altars:


Message History

The arrow hits the gnoll but does no damage.
The gnoll is moderately wounded.
You shoot an arrow. The arrow barely misses the gnoll.
You shoot an arrow.
The arrow hits the gnoll but does no damage.
You drain the gnoll.
The gnoll is moderately wounded.
The gnoll barely misses you.
You shoot an arrow. The arrow hits the gnoll.
The gnoll is severely wounded.
The gnoll hits you from afar with a +0 spear.
You shoot an arrow. The arrow hits the gnoll.
The gnoll is almost dead.
The gnoll hits you but does no damage. The gnoll misses you.
You shoot an arrow. The arrow hits the gnoll.
You drain the gnoll.
The gnoll is moderately wounded.
The gnoll barely misses you.
You shoot an arrow.
The arrow hits the gnoll but does no damage.
You drain the gnoll.
The gnoll is heavily wounded.
The gnoll barely misses you. x2
You shoot an arrow. The arrow closely misses the gnoll.
The gnoll hits you with a +0 flail. The gnoll misses you.
The gnoll hits you from afar with a +0 spear.
You shoot an arrow. The arrow barely misses the gnoll.
The gnoll hits you from afar with a +0 spear.
The gnoll misses you. The gnoll hits you but does no damage.
You shoot an arrow. The arrow hits the gnoll.
The gnoll is almost dead.
The gnoll closely misses you. The gnoll hits you but does no damage.
The gnoll closely misses you.
You shoot an arrow.
The arrow hits the gnoll but does no damage.
The gnoll is almost dead.
The gnoll hits you with a +0 flail!
The gnoll hits you from afar with a +0 spear.
The gnoll hits you with a +0 whip. The gnoll hits you but does no damage.
The gnoll hits you with a +0 whip. The gnoll hits you with a +0 flail.
You die...

#......##....). ###
#.##.#.#......
...##........##
..%#.###..#......
...#.#....#.##.### ..
#.#.#....# ..#
####.#......####.######.
#.......#.####..gg......
#....#>.######.#@.g.###
#....+..#......####.#
#....#..#.#.##.# #
#######...#+##.#
####...........#
#..............#
#..............+
#..............#
#..............#


You could see 3 gnolls.

Vanquished Creatures
  Jessica (D:2)
  A gnoll (D:2)
  3 adders (D:2)
  A dart slug (D:1)
  6 ball pythons
  6 endoplasms (D:1)
  A giant cockroach (D:1)
  5 goblins
  5 hobgoblins
  2 quokkas (D:2)
  4 bats (D:1)
  2 frilled lizards (D:1)
  2 kobolds (D:1)
  9 rats
48 creatures vanquished.

Notes
Turn   | Place    | Note
-------+----------+-------------------------------------------
     0 | D:1      | qw the Deep Elf Hunter began the quest for the Orb.
     0 | D:1      | Reached XP level 1. HP: 12/12 MP: 3/3
     0 | D:1      | 0 ||| qw: Version: 0.3-a-9-g12657ce
     0 | D:1      | 0 ||| qw: Game counter: 2090
     0 | D:1      | 0 ||| qw: Always use a shield: true
     0 | D:1      | 0 ||| qw: God list: Okawaru
     0 | D:1      | 0 ||| qw: Allow faded altars: false
     0 | D:1      | 0 ||| qw: Do Orc after D:15 true
     0 | D:1      | 0 ||| qw: Do second Lair branch before Depths: true
     0 | D:1      | 0 ||| qw: Lair rune preference: random
     0 | D:1      | 0 ||| qw: Plans: Normal
     0 | D:1      | 0 ||| PLANNING D:1-11
   101 | D:1      | Reached XP level 2. HP: 16/16 MP: 4/4
   104 | D:1      | Reached skill level 6 in Ranged Weapons
   242 | D:1      | Reached XP level 3. HP: 20/20 MP: 5/5
   351 | D:1      | 351 ||| UPGRADING to +0 ring mail.
   361 | D:1      | 361 ||| DROPPING +0 leather armour.
   362 | D:1      | 362 ||| UPGRADING to ring of protection from cold.
   363 | D:1      | 363 ||| READING 2 scrolls labelled LONUUNNIHI.
   364 | D:1      | 364 ||| READING scroll labelled TEFUON TEAF.
   365 | D:1      | 365 ||| READING scroll labelled KUSOKI DA UPSEXINN.
   366 | D:1      | 366 ||| DRINKING 2 emerald potions.
   367 | D:1      | 367 ||| DROPPING scroll of butterflies.
   408 | D:2      | Reached skill level 7 in Ranged Weapons
   446 | D:2      | Noticed Jessica
   452 | D:2      | Killed Jessica
   453 | D:2      | Reached XP level 4. HP: 25/25 MP: 6/6
   481 | D:2      | You fall into a shaft and drop 1 floor!
   482 | D:3      | 482 ||| DRINKING 2 coppery potions.
   640 | D:2      | Reached skill level 8 in Ranged Weapons
   656 | D:2      | HP: 5/25 [gnoll/+0 whip (3)]
   656 | D:2      | HP: 2/25 [gnoll/+0 whip (3)]
   656 | D:2      | Slain by a gnoll

Levels and vault maps discovered:
D:1:      dpeg_arrival_orchard, layout_rooms, st_stairs_11
D:2:      layout_basic, kennysheep_jessica_study
D:3:      minmay_octagon_keep, layout_basic

Skill      XL: |  1  2  3  4 |
---------------+-------------+-----
Ranged Weapons | 6 7 8 |  8.1
Fighting       | |  1.5
Dodging        | |  2.4
Stealth        | |  1.2

Action                     |  1- 3 |  4- 6 || total
---------------------------+-------+-------++-------
   Fire: Shortbow          |    73 |    41 ||   114
    Use: Scroll            |     3 |       ||     3
         Potion            |     1 |     1 ||     2
 Armour: Leather armour    |     1 |       ||     1
         Ring mail         |       |     4 ||     4
  Dodge: Dodged            |     4 |     9 ||    13

Table legend:
 A = Non-vault XP
 B = Vault XP
 C = Vault XP percentage of total XP
 D = Non-vault monster count
 E = Vault monster count
 F = Vault count percentage of total count
                 A         B        C        D         E       F
            +---------+---------+-------+---------+---------+-------
      Total |     111 |      49 |  30.6 |      42 |       6 |  12.5
            +---------+---------+-------+---------+---------+-------
        D:1 |      42 |      10 |  19.2 |      28 |       4 |  12.5
        D:2 |      69 |      39 |  36.1 |      14 |       2 |  12.5
            +---------+---------+-------+---------+---------+-------
